 Dungeon Crawl Stone Soup version 0.27-a0-562-g0d39f094a4 (webtiles) character file.

Game seed: 11687748338464572671

4 porpoise the Sneak (level 1, -1/20 HPs)
             Began as a Minotaur Delver on Mar 9, 2021.
             Slain by an orc wizard
             ... wielding a +0 dagger
              (2 damage)
             ... on level 5 of the Dungeon.
             The game lasted 00:00:48 (93 turns).

porpoise the Sneak (Minotaur Delver)                  Turns: 93, Time: 00:00:49

Health: -1/20      AC:  3    Str: 16    XL:     1   Next: 50%
Magic:  0/0        EV: 11    Int:  7    God:
Gold:   14         SH:  0    Dex: 11    Spells: 0/0 levels left

rFire    . . .     SeeInvis .   a - +0 mace
rCold    . . .     Faith    .   (no shield)
rNeg     . . .     Spirit   .   b - +0 leather armour
rPois    .         Reflect  .   (helmet restricted)
rElec    .         Harm     .   (no cloak)
rCorr    .         Rampage  .   (no gloves)
Will     .....                  (no boots)
Stlth    ++........             (no amulet)
HPRegen  0.06/turn              (no ring)
MPRegen  0.07/turn              (no ring)

@: no status effects
A: horns 2, retaliatory headbutt
a: no special abilities


You were on level 5 of the Dungeon.
You visited 1 branch of the dungeon, and saw 1 of its levels.

You collected 14 gold pieces.

Inventory:

Hand Weapons
 a - a +0 mace (weapon)
Missiles
 h - 11 bolts
Armour
 b - a +0 leather armour (worn)
Wands
 g - a wand of digging (3)
Scrolls
 c - a scroll of fog
 d - a scroll of magic mapping
 e - a scroll of fear
 i - a scroll of immolation {unknown}
Potions
 f - a potion of haste


   Skills:
 * Level 3.8 Fighting
 * Level 2.7 Maces & Flails
 - Level 2.1 Dodging
 - Level 4.1 Stealth


You couldn't memorise any spells.
You didn't know any spells.
Your spell library was empty.

Dungeon Overview and Level Annotations

Branches:
Dungeon (5/15)
 Temple: D:4-7

Altars:


Innate Abilities, Weirdness & Mutations

You have a pair of horns on your head.
You reflexively headbutt those who attack you in melee.


Message History

You hear a shout!
The orc moves out of view.
An orc priest comes into view. It is wielding a +0 trident.
You see here 31 bolts.
There is an open door here.
The orc barely misses you.
You sock the orc!
You kill the orc!
The orc wizard points at you and mumbles some strange words.
The puff of flame hits you.
You barely miss the orc. You hit the orc.
The orc is almost dead.
The orc misses you.
The orc priest looks satisfied for a moment.
You closely miss the orc.
The orc is almost dead.
The orc hits you with a +0 club.
The orc priest hits you from afar with a +0 trident.
You are too injured to fight recklessly!
You hit the orc.
You kill the orc!
The orc wizard casts a spell at itself.
The orc wizard flickers and vanishes!
Deactivating autopickup; reactivate with Ctrl-A.
The orc priest casts a cantrip, but nothing happens.
Unknown command.
Unknown command.
There is an open door here.
You completely miss something.
The orc shouts!
Your headbutt misses something.
The orc priest hits you from afar with a +0 trident.
* * * LOW HITPOINT WARNING * * *
You miss something. Something hits you.
* * * LOW HITPOINT WARNING * * *
The orc priest hits you from afar with a +0 trident.
* * * LOW HITPOINT WARNING * * *
The orc hits you but does no damage. Something hits you.
You die...

#.....# #.....#
#.....+ #.....#
######.....# ######
...........# .....#
.......o(..# .....#
........o..# .....#
......#@###.o....
.....# ......#)..#
..... .....# .....
+...# .... #....#
..... #...+ o..
#....#######+###...#
..
.....#.............#
.
.....#........######
.....#........#
.....##.......#


You could see an orc priest and an orc.

Vanquished Creatures
  2 orcs (D:5)
2 creatures vanquished.

Notes
Turn   | Place    | Note
-------+----------+-------------------------------------------
     0 | D:5      | porpoise the Minotaur Delver began the quest for the Orb.
     0 | D:5      | Reached XP level 1. HP: 19/19 MP: 0/0
    78 | D:5      | Noticed an orc wizard
    79 | D:5      | Noticed an orc priest
    93 | D:5      | HP: 1/20 [orc priest/+0 trident (4)]
    93 | D:5      | Slain by an orc wizard

Illustrated notes

Levels and vault maps discovered:
D:5:      layout_gridville, gup_sewer_entry_glass

Action                   || total
-------------------------++-------
Melee: Mace              ||     7
Dodge: Dodged            ||     2

Table legend: (Time is in decaauts)
 A = Elapsed time spent in this place.
 B = Non-inter-level travel time spent in this place.
 C = Inter-level travel time spent in this place.
 D = Time resting spent in this place.
 E = Time spent auto-exploring this place.
 F = Levels seen in this place.
 G = Mean time per level.
                   A        B        C        D        E       F      G
               +--------+--------+--------+--------+--------+-----+--------+
         Total |     94 |     94 |      0 |      0 |      0 |   1 |   94.0 |
       Dungeon |     94 |     94 |      0 |      0 |      0 |   1 |   94.0 |
               +--------+--------+--------+--------+--------+-----+--------+

Top non-repeatable levels by time:
     D:5: 94 daAuts
